Map: Astillero orbital

Players

xXkazperXx - Winner!

  • Race: Zerg Zerg

RANURA DE IA (Media)

  • Race: Zerg Zerg

VOD

Have the link to the VOD?

Description

Time

  • Played on: March 11, 2016, 7:21 a.m.
  • Length: 28:25
Show
View Real Time Build Order
Export as new Build Order

xXkazperXx Zerg - Winner!

Build Orders: Pool First 

Get SALT Encoding   

  12  0:02  Drone  
  13  0:16  Drone  
  13  0:19  Overlord  
  14  0:39  Spawning Pool  
  13  0:44  Drone  
  13  0:45  Drone  
  15  1:03  Drone x2  
  17  1:09  Extractor  
  16  1:15  Drone  
  17  1:23  Overlord  
  17  1:33  Drone  
  17  1:39  Drone  
  19  1:54  Drone  
  19  1:57  Queen  
  22  2:08  Evolution Chamber  
  21  2:13  Zergling x4  
  23  2:15  Extractor  
  22  2:26  Drone  
  23  2:32  Spine Crawler  
  23  2:34  Drone  
  23  2:44  Drone  
  24  2:54  Overlord  
  24  3:06  Pneumatized Carapace  
  24  3:13  Zergling x6  
  24  3:14  Zergling x2  
  28  3:26  Hatchery  
  27  3:44  Roach Warren  
  27  3:46  Zergling x10  
  31  3:49  Metabolic Boost  
  31  3:52  Burrow  
  31  4:16  Drone x3  
  23  4:53  Roach x3  
  29  5:00  Spine Crawler  
  28  5:09  Drone x3  
  28  5:13  Lair  
  31  5:17  Zergling x4  
  33  5:50  Spore Crawler  
  33  5:52  Roach x4  
  40  5:57  Drone x3  
  43  6:04  Overlord  
  43  6:14  Drone  
  44  6:22  Queen  
  46  6:29  Tunneling Claws  
  46  6:30  Hydralisk Den  
  45  6:38  Zerg Melee Weapons Level 1  
  45  6:44  Drone x5  
  50  6:50  Extractor  
  50  6:52  Extractor, Drone x3  
  51  6:56  Overlord  
  51  6:57  Roach x7  
  49  7:38  Hydralisk x2  
  49  7:39  Hydralisk x2  
  49  7:41  Overlord  
  49  7:42  Overlord  
  57  7:49  Drone x3  
  60  8:00  Hydralisk x2  
  64  8:06  Drone x2  
  64  8:11  Roach x7  
  66  8:35  Hatchery  
  66  8:37  Lurker Den  
  65  8:45  Spire  
  64  8:50  Drone x4  
  68  9:08  Spine Crawler  
  67  9:39  Extractor  
  66  9:55  Hydralisk x6  
  78  10:01  Corruptor x2  
  82  10:30  Infestation Pit  
  82  10:33  Overlord x2  
  81  10:51  Queen  
  81  10:52  Drone x3  
  86  11:13  Drone  
  81  11:42  Drone  
  81  11:43  Drone x2  
  84  11:48  Mutalisk x3  
  84  11:52  Overlord x2  
  84  11:53  Overlord x2  
  90  12:13  Hive  
  90  12:17  Hydralisk  
  90  12:18  Hydralisk x2  
  90  12:22  Mutalisk x6  
  100  12:23  Mutalisk x2  
  100  12:27  Corruptor x3  
  118  12:38  Spine Crawler  
  117  12:45  Spore Crawler  
  116  12:55  Zergling x6  
  119  12:59  Zergling x6  
  122  13:09  Glial Reconstitution  
  122  13:15  Zerg Missile Weapons Level 1  
  122  13:18  Zerg Flyer Weapons Level 1  
  122  13:39  Overlord x2  
  122  14:59  Extractor  
  111  15:48  Drone x5  
  111  15:49  Drone x4  
  120  15:54  Greater Spire  
  120  15:57  Zerg Melee Weapons Level 2  
  120  15:59  Adrenal Glands  
  120  16:16  Evolution Chamber  
  119  16:21  Ultralisk Cavern  
  118  16:30  Roach x6  
  118  16:32  Hydralisk x4  
  132  16:34  Overlord  
  132  16:39  Overlord x3  
  138  16:56  Lurker x3  
  138  16:59  Ravager x4  
  138  17:00  Ravager  
  146  17:04  Mutalisk x2  
  150  17:21  Overlord x2  
  150  17:22  Overlord  
  150  17:29  Overlord  
  150  17:31  Overlord  
  150  17:47  Brood Lord x4  
  150  17:48  Brood Lord  
  160  17:56  Corruptor x2  
  160  17:57  Viper x2  
  170  17:59  Ultralisk x2  
  182  18:18  Hatchery  
  141  20:05  Drone x3  
  144  20:11  Queen  
  146  20:17  Mutalisk x3  
  146  20:18  Mutalisk x4  
  160  20:22  Zerg Melee Weapons Level 3  
  160  20:29  Zerg Missile Weapons Level 2  
  160  20:31  Zerg Flyer Weapons Level 2  
  160  21:03  Hatchery  
  100  22:58  Mutalisk x3  
  100  23:01  Hydralisk x4  
  100  23:02  Hydralisk  
  116  23:07  Ultralisk x2  
  116  23:09  Zergling x2  
  116  23:11  Zergling x6  
  130  23:16  Hydralisk x2  
  130  23:17  Hydralisk  
  114  25:38  Ultralisk x2  
  114  25:53  Hydralisk x12  
  114  26:26  Lurker x2  
  114  26:30  Corruptor x3  
  114  26:32  Mutalisk x3  
  122  26:34  Hydralisk x3  
  134  26:41  Ultralisk x2  
  134  26:45  Zergling x6  
Show
View Real Time Build Order
Export as new Build Order

RANURA DE IA (Media) Zerg 

Build Orders: Pool First 

Get SALT Encoding   

  12  0:00  Drone  
  13  0:12  Overlord  
  13  0:17  Drone  
  14  0:30  Drone  
  14  0:33  Drone  
  16  0:43  Spawning Pool  
  16  0:44  Drone  
  16  0:48  Drone  
  17  0:52  Extractor  
  17  0:55  Drone  
  17  1:05  Overlord  
  17  1:31  Zergling x2  
  17  1:32  Queen  
  20  1:34  Roach Warren  
  20  1:35  Extractor  
  20  1:38  Drone  
  19  1:46  Zergling x2  
  20  1:49  Drone  
  21  1:59  Drone  
  22  2:10  Overlord  
  22  2:21  Roach  
  24  2:33  Overlord  
  24  2:39  Roach  
  26  2:54  Roach  
  26  2:56  Drone  
  29  3:01  Drone  
  30  3:09  Roach  
  30  3:10  Overlord  
  32  3:14  Drone  
  32  3:18  Drone  
  34  3:22  Drone  
  37  3:27  Roach  
  37  3:34  Baneling Nest  
  37  3:38  Drone  
  37  3:42  Roach, Evolution Chamber, Drone  
  37  3:45  Drone  
  40  3:57  Roach  
  42  4:12  Roach  
  44  4:50  Roach  
  44  6:26  Overlord, Lair, Drone  
  44  6:27  Spore Crawler  
  44  6:29  Spore Crawler, Drone  
  44  6:31  Evolution Chamber  
  44  6:32  Hatchery, Drone  
  44  6:35  Drone  
  44  6:44  Overlord, Drone  
  45  6:54  Spine Crawler  
  45  6:55  Drone  
  45  6:56  Spine Crawler  
  45  6:58  Drone  
  45  7:13  Zergling x2  
  34  7:23  Overseer x2, Queen  
  34  7:26  Roach  
  34  7:27  Hydralisk Den  
  31  7:30  Infestation Pit  
  31  7:31  Drone  
  31  7:33  Spire  
  30  7:39  Roach  
  32  7:45  Queen, Drone  
  32  7:48  Drone  
  32  7:51  Drone  
  37  7:52  Roach, Extractor  
  37  7:53  Drone  
  37  7:54  Spore Crawler  
  37  7:56  Spore Crawler, Drone  
  38  7:59  Drone  
  38  8:02  Drone  
  38  8:05  Roach, Drone  
  43  8:08  Drone  
  43  8:11  Drone  
  45  8:13  Drone  
  45  8:16  Drone  
  45  8:17  Infestor  
  49  8:20  Spore Crawler  
  49  8:21  Drone  
  49  8:22  Spine Crawler  
  49  8:24  Drone, Spine Crawler  
  48  8:29  Drone  
  48  8:30  Hydralisk  
  48  8:32  Drone  
  52  8:35  Drone  
  52  8:37  Drone  
  54  8:43  Infestor, Drone  
  54  8:46  Drone  
  58  8:49  Drone  
  58  8:54  Drone  
  60  8:56  Hydralisk  
  60  9:00  Drone  
  63  9:03  Drone  
  63  9:06  Drone  
  63  9:09  Hydralisk  
  67  9:32  Overlord  
  67  9:33  Overseer  
  67  10:05  Extractor  
  67  10:28  Drone  
  67  10:29  Overlord  
  67  10:31  Drone  
  68  10:51  Pneumatized Carapace  
  68  10:52  Roach, Overlord x3, Overseer  
  68  10:53  Zerg Melee Weapons Level 1  
  68  10:54  Burrow, Muscular Augments, Zerg Ground Armor Level 1  
  70  10:59  Roach  
  70  11:02  Hatchery  
  71  11:05  Roach  
  73  11:12  Roach  
  75  11:19  Roach  
  75  11:24  Hydralisk  
  79  11:32  Zergling x2  
  79  11:34  Overseer  
  79  11:35  Hive  
  79  11:38  Roach  
  63  11:45  Roach  
  65  11:51  Roach  
  67  11:57  Hydralisk  
  69  12:04  Hydralisk  
  71  12:10  Hydralisk  
  74  12:15  Drone  
  74  12:16  Queen  
  74  12:17  Roach  
  74  12:18  Drone  
  74  12:21  Drone  
  74  12:22  Extractor  
  79  12:23  Infestor  
  79  12:24  Drone  
  79  12:25  Spore Crawler  
  79  12:27  Drone  
  79  12:28  Spore Crawler  
  81  12:30  Drone  
  81  12:32  Spore Crawler  
  81  12:33  Drone  
  81  12:35  Extractor  
  81  12:36  Drone  
  82  12:39  Drone  
  82  12:41  Drone  
  84  12:44  Drone  
  84  12:47  Zerg Missile Weapons Level 1, Greater Spire, Drone  
  84  12:50  Drone  
  87  12:53  Drone, Ultralisk Cavern, Spine Crawler  
  87  12:55  Spine Crawler  
  87  12:56  Drone  
  86  12:59  Drone  
  86  13:02  Drone  
  86  13:05  Drone  
  89  13:08  Drone  
  89  13:10  Drone  
  91  14:00  Spire  
  90  14:03  Overlord, Overseer, Drone  
  91  14:34  Roach, Overlord, Viper, Zerg Melee Weapons Level 2  
  91  14:36  Zerg Flyer Weapons Level 1  
  96  14:38  Hydralisk  
  96  14:41  Zerg Ground Armor Level 2  
  96  14:43  Hydralisk  
  100  14:48  Infestor  
  102  14:53  Overlord, Infestor  
  102  14:58  Corruptor  
  106  15:08  Zergling x2  
  106  15:12  Zerg Flyer Armor Level 1, Hydralisk  
  94  15:15  Overlord  
  94  15:18  Roach  
  94  15:20  Overseer  
  82  15:23  Roach  
  82  15:28  Roach  
  86  15:32  Hatchery, Overseer  
  86  15:33  Roach  
  86  15:35  Overlord  
  87  15:38  Roach  
  89  15:43  Roach  
  89  15:48  Roach  
  93  15:53  Roach, Overlord  
  95  15:58  Roach  
  95  16:03  Hydralisk  
  99  16:08  Hydralisk  
  99  16:10  Overseer  
  101  16:12  Overlord  
  101  16:13  Hydralisk  
  101  16:18  Infestor  
  105  16:30  Overlord, Brood Lord  
  105  16:32  Zerg Flyer Weapons Level 2  
  107  16:33  Overseer  
  107  16:44  Queen  
  107  16:45  Drone  
  110  16:49  Overlord  
  110  16:50  Zerg Missile Weapons Level 2  
  110  16:54  Extractor  
  110  16:55  Drone  
  110  16:57  Zerg Melee Weapons Level 3  
  110  16:59  Overseer  
  110  17:02  Spore Crawler  
  110  17:03  Drone  
  110  17:08  Zerg Flyer Armor Level 2  
  110  17:09  Overlord, Spore Crawler, Drone  
  110  17:13  Extractor, Drone  
  110  17:32  Spine Crawler  
  110  17:33  Drone  
  110  17:34  Spine Crawler  
  110  17:36  Drone  
  110  18:32  Overlord, Ultralisk  
  116  18:41  Ultralisk  
  122  18:50  Overlord  
  122  18:51  Ultralisk  
  128  19:00  Ultralisk  
  134  19:06  Zerg Ground Armor Level 3  
  134  19:09  Ultralisk  
  140  19:10  Overlord  
  139  19:19  Zergling x2  
  136  19:28  Ultralisk, Overlord  
  129  19:34  Zerg Missile Weapons Level 3  
  129  19:37  Hydralisk  
  105  19:42  Overseer  
  103  19:46  Hydralisk  
  105  19:56  Hydralisk  
  107  20:05  Hydralisk  
  109  20:56  Ultralisk, Hatchery  
  108  21:18  Ultralisk  
  107  21:22  Overlord  
  99  21:26  Queen  
  99  21:27  Zergling x2, Overseer  
  88  21:33  Drone x2  
  88  21:36  Hydralisk  
  88  21:38  Overseer  
  88  21:39  Spine Crawler  
  76  21:40  Overlord  
  76  21:46  Ultralisk  
  72  21:54  Spine Crawler  
  72  21:55  Ultralisk, Lair  
  72  21:58  Extractor, Overseer  
  72  21:59  Overlord x2  
  72  22:04  Hydralisk, Drone  
  72  22:07  Drone  
  72  22:10  Queen, Drone  
  72  22:13  Hydralisk, Drone  
  66  22:16  Drone  
  66  22:19  Drone  
  66  22:22  Extractor, Drone  
  61  22:23  Hydralisk  
  61  22:25  Drone  
  61  22:28  Viper, Drone  
  61  22:29  Overlord, Viper  
  63  22:31  Drone  
  63  22:33  Ultralisk  
  63  22:34  Drone  
  63  22:37  Drone  
  63  22:39  Extractor  
  63  22:40  Drone  
  63  22:41  Overseer  
  63  22:43  Ultralisk, Drone, Spine Crawler  
  65  22:46  Drone  
  65  22:48  Extractor, Overseer  
  65  22:49  Drone  
  54  22:52  Ultralisk, Drone  
  54  22:53  Spore Crawler  
  54  22:55  Drone  
  59  22:58  Drone  
  59  23:01  Drone  
  59  23:02  Zergling x2  
  59  23:04  Queen, Drone  
  61  23:07  Drone  
  61  23:10  Drone  
  61  23:11  Overseer, Queen, Hydralisk, Spore Crawler  
  60  23:13  Drone  
  60  23:16  Drone  
  60  23:18  Drone  
  61  23:21  Ultralisk, Drone  
  61  23:24  Drone  
  60  23:27  Drone  
  60  23:29  Mutalisk  
  60  23:30  Drone  
  60  23:33  Drone  
  55  23:36  Drone, Spine Crawler  
  55  23:39  Corruptor, Drone  
  56  23:42  Drone  
  56  23:44  Overseer  
  56  23:45  Drone  
  56  23:48  Mutalisk, Drone  
  55  23:51  Drone  
  55  23:53  Drone  
  55  23:54  Queen  
  48  23:57  Drone  
  48  23:58  Mutalisk  
  48  24:00  Drone  
  48  24:03  Drone  
  48  24:06  Drone  
  48  24:07  Corruptor  
  48  24:09  Drone  
  45  24:12  Drone  
  45  24:15  Drone  
  34  24:18  Drone  
  34  24:21  Drone  
  26  24:27  Drone  
  26  24:30  Drone  
  26  24:31  Zergling x2  
  28  24:34  Drone  
  28  24:37  Drone  
  14  25:07  Hatchery  
  12  25:19  Overlord  
  12  25:21  Drone  
  14  25:24  Drone  
  14  25:27  Drone  
  15  25:34  Drone  
  14  25:49  Overlord  
  12  26:08  Drone  
  12  26:09  Overlord  
  12  26:10  Drone  
  13  26:12  Spawning Pool  
  13  26:13  Drone  
  9  27:19  Drone  
  9  27:22  Drone  
  10  27:28  Drone  
  9  27:33  Evolution Chamber  
Tags
 
Add a new tag
Caveats
  • Supply blocks, unpowered buildings, or Contaminate may cause inaccurate times.
  • Supply counts are checked every 10 seconds.